 Dungeon Crawl Stone Soup version 0.21.1-1-g345015f (webtiles) character file.

3511 xccam the Basher (level 9, -2/79 HPs)
             Began as a Minotaur Berserker on Feb 13, 2018.
             Was an Elder of Trog.
             Slain by an ogre
             ... wielding a +0 giant club
              (20 damage)
             ... on level 8 of the Dungeon.
             The game lasted 00:10:52 (5281 turns).

xccam the Basher (Minotaur Berserker)               Turns: 5281, Time: 00:10:53

Health: -2/79      AC: 13    Str: 25    XL:     9   Next: 81%
Magic:  8/8        EV: 17    Int:  5    God:    Trog [****..]
Gold:   250        SH:  0    Dex: 16    Spells: 8/8 levels left

rFire    . . .     SeeInvis .   u - +1 mace (venom)
rCold    . . .     Gourm    .   (no shield)
rNeg     . . .     Faith    .   k - +0 chain mail (curse)
rPois    .         Spirit   .   (helmet restricted)
rElec    .         Reflect  .   C - +0 cloak
rCorr    +         Harm     .   (no gloves)
MR       .....                  m - +1 pair of boots
Stlth    ..........             (no amulet)
HPRegen  0.23/turn              n - ring of resist corrosion
MPRegen  0.11/turn              y - +2 ring of strength

@: agile, berserk cooldown, slowed, very slow
A: retaliatory headbutt, horns 2
a: Berserk, Trog's Hand, Brothers in Arms, Burn Spellbooks, Renounce Religion


You were on level 8 of the Dungeon.
You worshipped Trog.
Trog was greatly pleased with you.
You were very hungry.

You visited 1 branch of the dungeon, and saw 8 of its levels.

You collected 365 gold pieces.
You spent 115 gold pieces at shops.

Inventory:

Hand Weapons
 u - a +1 mace of venom (weapon)
 w - a +0 whip of freezing
 x - a +0 morningstar
Armour
 g - a cursed -1 plate armour
 k - a cursed +0 chain mail (worn)
 m - a +1 pair of boots (worn)
 C - a +0 cloak (worn)
Jewellery
 n - a ring of resist corrosion (left hand)
 p - an uncursed ring of magical power
 y - a +2 ring of strength (right hand)
Wands
 i - a wand of iceblast (11)
Scrolls
 d - 5 scrolls of identify
 e - 2 scrolls of enchant weapon
 j - 3 scrolls of magic mapping
 o - 2 scrolls of teleportation
 B - a scroll of enchant armour
 D - a scroll of remove curse
Potions
 a - a potion of might
 b - 4 potions of curing
 f - a potion of cancellation
 h - a potion of ambrosia
 l - 2 potions of flight
 q - a potion of berserk rage
 r - a potion of brilliance
 s - a potion of heal wounds
 t - a potion of mutation
 v - a potion of resistance
 A - 2 potions of haste
Comestibles
 c - 9 rations


   Skills:
 + Level 7.0 Fighting
 + Level 13.2 Maces & Flails
 + Level 6.4 Armour
 + Level 5.8 Dodging


You had 8 spell levels left.
You didn't know any spells.

Dungeon Overview and Level Annotations

Branches:
Dungeon (8/15)             Temple (0/1) D:4
   Lair: D:8-11

Altars:
Sif Muna

Shops:
D:4 *   D:7 !


Innate Abilities, Weirdness & Mutations

You reflexively headbutt those who attack you in melee.
You have a pair of horns on your head.


Message History

You are too injured to fight recklessly!
The ogre closely misses you. You furiously retaliate!
You headbutt the ogre!
The orc warrior hits you but does no damage.
The orc priest mumbles some strange prayers to Beogh against you.
Beogh smites you!
* * * LOW HITPOINT WARNING * * *
Things that are here:
a flail; a leather armour
Okay, then.
You feel much better.
You kill the orc warrior!
Trog accepts your kill. The ogre hits you with a giant club!!
The orc hits you but does no damage.
Unknown command.
You feel agile all of a sudden.
The orc priest mumbles some strange prayers to Beogh against you.
Pain shoots through your body!
* * * LOW HITPOINT WARNING * * *
The ogre hits you with a giant club!!
You die...

.## ######### .. .
######.......# ..##.
#...##.......#######......
#...##.......##....#..##..
#...##.......##).o........
.....'.......(')@)........
....##.......##†.Oo$....#
#...##.......##.##.#......
#...###########.#.......#.
#.### ............ #.#
##.#......... #.#
#.#.#.....#. #.###... #...
...[.. ......... ....
.....#


You could see an ogre, an orc priest and an orc.

Vanquished Creatures
  A hydra (D:7)
  The ghost of EvilAshe the Archer, a novice CeHu of Okawaru (D:8)
  Pikel (D:4)
  A hungry ghost (D:7)
  A water moccasin (D:6)
  An orc warrior (D:8)
  2 ice beasts (D:5)
  A sky beast (D:5)
  3 ogres
  A centaur (D:6)
  2 bullfrogs (D:7)
  A gnoll sergeant (D:8)
  A scorpion (D:8)
  2 howler monkeys
  A centaur zombie (D:5)
  The ghost of letownia2 the Conjurer, a weakling GrWz (D:5)
  3 hounds
  A bullfrog skeleton (D:6)
  4 worker ants
  An iguana (D:6)
  A worker ant zombie (D:6)
  6 gnolls
  3 adders
  An ooze (D:4)
  An adder zombie (D:3)
  2 worms (D:2)
  A dart slug (D:1)
  7 leopard geckos
  24 orcs
  A ball python (D:3)
  11 giant cockroaches
  9 goblins
  2 hobgoblins
  14 jackals
  A quokka (D:4)
  8 bats
  4 frilled lizards
  A jackal skeleton (D:4)
  7 kobolds
  A leopard gecko skeleton (D:5)
  A leopard gecko zombie (D:7)
  A quokka zombie (D:5)
  5 rats
142 creatures vanquished.

Vanquished Creatures (others)
  A hound (D:4)
  A giant cockroach (D:4)
2 creatures vanquished.

Grand Total: 144 creatures vanquished

Notes
Turn   | Place    | Note
-------+----------+-------------------------------------------
     0 | D:1      | xccam the Minotaur Berserker began the quest for the Orb.
     0 | D:1      | Reached XP level 1. HP: 19/19 MP: 0/0
    26 | D:1      | Reached skill level 4 in Maces & Flails
    35 | D:1      | Reached XP level 2. HP: 22/26 MP: 1/1
   136 | D:1      | Reached skill level 5 in Maces & Flails
   186 | D:1      | Reached ** piety under Trog
   186 | D:1      | Reached XP level 3. HP: 19/31 MP: 2/2
   875 | D:2      | Reached XP level 4. HP: 34/39 MP: 3/3
   876 | D:2      | Found a deep blue altar of Sif Muna.
   900 | D:2      | Reached skill level 6 in Maces & Flails
  1928 | D:4      | Reached *** piety under Trog
  2051 | D:4      | Reached skill level 7 in Maces & Flails
  2051 | D:4      | Reached XP level 5. HP: 40/45 MP: 4/4
  2138 | D:4      | Found a staircase to the Ecumenical Temple.
  2164 | D:4      | Noticed a slave
  2165 | D:4      | Noticed Pikel
  2165 | D:4      | Noticed a slave
  2165 | D:4      | Noticed a slave
  2166 | D:4      | Noticed a slave
  2174 | D:4      | Killed Pikel
  2174 | D:4      | Reached skill level 10 in Maces & Flails
  2174 | D:4      | Reached XP level 6. HP: 46/51 MP: 5/5
  2174 | D:4      | Reached XP level 7. HP: 51/57 MP: 6/6
  2189 | D:4      | Found Payly's Assorted Antiques.
  2211 | D:4      | Bought a wooden ring for 115 gold pieces
  2573 | D:5      | Entered Level 5 of the Dungeon
  2581 | D:5      | Reached skill level 11 in Maces & Flails
  2634 | D:5      | Reached XP level 8. HP: 64/64 MP: 7/7
  2720 | D:5      | Noticed letownia2's ghost (weakling GrWz)
  2725 | D:5      | Killed letownia2's ghost
  2725 | D:5      | Reached skill level 12 in Maces & Flails
  3208 | D:6      | Reached **** piety under Trog
  3841 | D:7      | Reached skill level 5 in Fighting
  3984 | D:7      | Noticed a six-headed hydra
  3997 | D:7      | Killed a six-headed hydra
  3997 | D:7      | Reached skill level 5 in Armour
  3997 | D:7      | Reached XP level 9. HP: 24/75 MP: 8/8
  4203 | D:7      | Found Fuojonwae's Distillery.
  4270 | D:7      | Reached skill level 5 in Dodging
  5186 | D:8      | Noticed EvilAshe's ghost (novice CeHu)
  5211 | D:8      | Killed EvilAshe's ghost
  5211 | D:8      | Reached skill level 13 in Maces & Flails
  5281 | D:8      | Slain by an ogre

Skill      XL: |  1  2  3  4  5  6  7  8  9 |
---------------+----------------------------+-----
Maces & Flails | 4 5 7 10 11 12 13 | 13.2
Fighting       | 6 7 |  7.0
Armour         | 5 6 |  6.4
Dodging        | 4 5 |  5.8

Action                   |  1- 3 |  4- 6 |  7- 9 || total
-------------------------+-------+-------+-------++-------
Melee: Mace              |    84 |    80 |   159 ||   323
       Headbutt          |     9 |    15 |    36 ||    60
       Whip              |       |       |    11 ||    11
Invok: Berserk           |       |     1 |     4 ||     5
       Trog's Hand       |       |     1 |     2 ||     3
       Burn Spellbooks   |       |       |     1 ||     1
  Use: Scroll            |     1 |       |    19 ||    20
       Potion            |       |       |     4 ||     4
 Stab: Distracted        |       |       |     1 ||     1
  Eat: Ration            |       |     1 |     3 ||     4
       Chunk             |       |     2 |     8 ||    10
Armor: Animal skin       |     9 |       |       ||     9
       Ring mail         |    20 |    23 |    21 ||    64
       Chain mail        |       |       |    41 ||    41
Dodge: Dodged            |    75 |    55 |    66 ||   196
